Map: King's Cove LE

Players

SuedePritch

  • Race: Zerg Zerg
  • League: Platinum
  • Spawn Location: 5:00

pHARM - Winner!

  • Race: Zerg Zerg
  • League: Platinum
  • Spawn Location: 11:00

VOD

Have the link to the VOD?

Description

Time

  • Played on: Aug. 5, 2019, 4:03 p.m.
  • Length: 13:12
Show
View Real Time Build Order
Export as new Build Order

SuedePritch Zerg 

Build Orders: Hatch First 

Get SALT Encoding   

  12  0:01  Drone  
  13  0:13  Overlord  
  13  0:18  Drone  
  14  0:39  Drone  
  14  0:40  Drone x2  
  17  0:55  Hatchery  
  16  0:59  Drone  
  17  1:07  Extractor  
  17  1:08  Drone  
  17  1:19  Spawning Pool  
  16  1:28  Drone x2  
  18  1:33  Drone  
  19  1:44  Overlord  
  19  2:11  Metabolic Boost, Queen  
  19  2:12  Queen  
  19  2:14  Zergling x4  
  25  2:25  Drone  
  25  2:26  Drone x2  
  28  3:14  Drone x6  
  28  3:15  Queen  
  36  3:50  Drone  
  36  3:51  Overlord x3  
  35  3:57  Roach Warren, Queen  
  35  3:58  Evolution Chamber  
  35  4:06  Drone x2, Extractor  
  35  4:07  Overlord x3  
  36  4:19  Drone  
  36  4:20  Drone x2  
  39  4:47  Hatchery  
  39  4:51  Zerg Missile Weapons Level 1  
  39  4:52  Drone x10  
  48  4:55  Hatchery  
  47  5:26  Extractor  
  46  5:41  Roach  
  46  5:42  Roach x9  
  66  5:54  Lair  
  66  5:58  Extractor  
  66  6:00  Drone x5  
  66  6:01  Drone x2  
  72  6:23  Extractor x2  
  74  6:32  Drone x4  
  74  6:33  Drone x10  
  84  7:07  Roach  
  84  7:08  Roach x5  
  89  7:18  Roach x5  
  89  7:19  Roach  
  75  7:31  Roach  
  75  7:32  Roach x11  
  92  7:44  Overlord x3  
  87  8:08  Drone x2  
  87  8:09  Drone x6  
  87  8:12  Glial Reconstitution  
  95  8:13  Zerg Missile Weapons Level 2  
  95  8:16  Hatchery  
  94  8:28  Drone x4  
  94  8:30  Queen x3  
  104  8:36  Extractor  
  104  8:38  Extractor  
  102  8:48  Hatchery  
  101  8:58  Evolution Chamber, Drone x4  
  101  9:01  Drone x2  
  106  9:03  Drone x5  
  106  9:04  Drone  
  112  9:28  Roach x4  
  112  9:29  Overlord x3  
  120  9:44  Overlord x4  
  120  10:00  Pneumatized Carapace, Overseer x2  
  120  10:04  Zerg Ground Armor Level 1  
  120  10:06  Roach  
  128  10:07  Roach x8  
  128  10:08  Roach  
  140  10:19  Roach  
  140  10:20  Roach x5  
  152  10:37  Roach x7  
  152  10:38  Roach x3  
  170  10:51  Roach  
  170  10:52  Roach x4  
  170  10:54  Roach x3  
  174  11:03  Overlord  
  174  11:04  Overlord x3  
  110  11:42  Roach x2  
  110  11:43  Roach x15  
  110  11:44  Roach x5  
  120  11:53  Burrow  
  112  11:54  Roach x3  
  112  11:55  Roach  
  112  12:00  Roach x2  
  112  12:01  Roach  
  126  12:09  Drone x3  
  126  12:10  Drone x3  
  102  12:29  Roach x4  
  90  12:39  Roach  
  90  12:40  Roach x9  
  90  12:41  Roach x2  
Show
View Real Time Build Order
Export as new Build Order

pHARM Zerg - Winner!

Build Orders: Hatch First 

Get SALT Encoding   

  12  0:02  Drone  
  13  0:15  Overlord  
  13  0:22  Drone  
  14  0:33  Drone x2  
  16  0:47  Drone  
  17  0:58  Hatchery  
  16  1:08  Drone x2  
  18  1:22  Spawning Pool  
  18  1:23  Drone x2  
  19  1:44  Drone x2  
  21  1:56  Overlord  
  21  2:10  Extractor  
  21  2:11  Drone  
  21  2:17  Drone, Queen  
  21  2:22  Queen  
  26  2:24  Zergling x2  
  26  2:25  Drone x2  
  29  2:52  Zergling x8  
  33  3:00  Drone  
  33  3:01  Drone  
  35  3:11  Drone  
  35  3:12  Overlord  
  36  3:18  Lair  
  35  3:30  Queen  
  37  3:35  Drone x3  
  40  3:52  Drone x4  
  44  3:57  Overlord x2  
  44  4:16  Evolution Chamber  
  43  4:21  Drone, Roach Warren, Extractor  
  43  4:22  Overlord x2, Extractor  
  41  4:34  Drone x5  
  41  4:35  Drone x4  
  50  4:39  Hatchery  
  49  4:52  Drone x2  
  51  5:01  Glial Reconstitution  
  51  5:08  Evolution Chamber  
  50  5:16  Overlord x2  
  50  5:21  Zerg Missile Weapons Level 1  
  50  5:29  Drone x2  
  50  5:30  Roach x7  
  50  5:35  Zerg Ground Armor Level 1  
  66  5:54  Roach  
  66  5:55  Roach x6  
  80  5:59  Overlord x2  
  80  6:17  Roach x7  
  94  6:47  Drone x4  
  94  6:48  Overlord x2  
  96  7:15  Roach  
  96  7:16  Drone x9  
  100  7:24  Drone x4  
  104  7:33  Drone  
  104  7:34  Drone x3  
  103  8:04  Spine Crawler  
  102  8:06  Extractor  
  102  8:07  Extractor, Spine Crawler  
  102  8:08  Spine Crawler  
  102  8:09  Drone x5  
  102  8:10  Drone  
  102  8:11  Spine Crawler  
  102  8:12  Drone  
  104  8:15  Zerg Missile Weapons Level 2  
  104  8:16  Zerg Melee Weapons Level 1  
  104  8:25  Extractor  
  104  8:26  Hydralisk Den  
  102  8:27  Overlord x3  
  102  8:29  Roach x6  
  114  8:39  Hydralisk Den  
  113  8:58  Overseer x3  
  113  9:01  Grooved Spines  
  113  9:05  Infestation Pit  
  113  9:23  Overlord x2  
  113  9:27  Hatchery  
  112  9:43  Hive  
  112  9:44  Overlord x2  
  112  9:48  Roach x9  
  112  9:49  Hydralisk x9  
  148  10:09  Zerg Ground Armor Level 2  
  148  10:14  Hydralisk x11  
  170  10:26  Overlord x2  
  170  10:42  Muscular Augments  
  142  10:57  Roach  
  142  10:58  Roach x15  
  142  11:03  Overlord x2  
  166  11:54  Hydralisk x8  
  166  11:55  Hydralisk x9  
  166  11:57  Overlord x2  
  196  12:22  Hatchery  
  175  12:39  Roach x14  
Tags
 
Add a new tag
Caveats
  • Supply blocks, unpowered buildings, or Contaminate may cause inaccurate times.
  • Supply counts are checked every 10 seconds.